 Dungeon Crawl Stone Soup version 0.31.0-12-g77e489cdc1 (webtiles) character file.

Game seed: 6610485713826517804

22676 lordive the Basher (level 12, -8/106 HPs)
             Began as a Minotaur Monk on Feb 28, 2024.
             Was the Champion of Okawaru.
             Mangled by an orc knight
             ... wielding a +0 glaive
              (10 damage)
             ... on level 2 of the Orcish Mines.
             The game lasted 00:24:34 (11400 turns).

lordive the Basher (Minotaur Monk)                 Turns: 11400, Time: 00:24:34

Health: -8/106     AC: 18    Str: 24    XL:     12   Next: 65%
Magic:  15/15      EV: 10    Int: 11    God:    Okawaru [******]
Gold:   1103       SH: 11    Dex: 12    Spells: 11/11 levels left

rFire   . . .        z - +9 flail of Fimbulwinter {speed, rC+ rN+ Stlth+}
rCold   + . .        w - +0 buckler
rNeg    + . .        j - +0 plate armour
rPois   +            (helmet restricted)
rElec   .            Q - +1 cloak {Will+}
rCorr   .            N - +0 pair of gloves
SInv    .            (no boots)
Will    +....        r - amulet of reflection Stlth
                     e - +6 ring of strength
HPRegen 0.37/turn    G - ring of poison resistance
MPRegen 0.14/turn

%: reflection
@: no status effects
A: horns 2, retaliatory headbutt, subdued magic 1
a: Renounce Religion, Heroism, Finesse, Duel, Receive Weapon, Receive Armour


You were on level 2 of the Orcish Mines.
You worshipped Okawaru.
Okawaru was exalted by your worship.
You visited 3 branches of the dungeon, and saw 14 of its levels.

You collected 1103 gold pieces.

Inventory:

Hand Weapons
 d - a +6 mace of freezing
 z - the +9 flail of Fimbulwinter (weapon) {speed, rC+ rN+ Stlth+}
   (You found it on level 4 of the Dungeon)

   rC+:       It protects you from cold.
   rN+:       It protects you from negative energy.
   Stlth+:    It makes you more stealthy.
 I - a +2 falchion of protection
Missiles
 o - 4 curare-tipped darts (quivered)
 S - 3 atropa-tipped darts
Armour
 c - +0 steam dragon scales
 j - a +0 plate armour (worn)
 w - a +0 buckler (worn)
 N - a +0 pair of gloves (worn)
 Q - a +1 cloak of willpower (worn)
Jewellery
 e - a +6 ring of strength (left hand)
 q - a ring of fire
 r - an amulet of reflection (around neck)
 G - a ring of poison resistance (right hand)
 O - a ring of flight
 P - a ring of willpower
 R - a ring of wizardry
Wands
 a - a wand of flame (6)
 b - a wand of iceblast (14)
 p - a wand of charming (5)
Scrolls
 g - 2 scrolls of identify
 i - a scroll of fear
 l - a scroll of poison {unknown}
 s - 3 scrolls of noise {unknown}
 t - 5 scrolls of teleportation
 u - 2 scrolls of vulnerability {unknown}
 y - 3 scrolls of fog {unknown}
 E - a scroll of blinking {unknown}
 F - a scroll of enchant weapon {unknown}
 H - 2 scrolls of immolation {unknown}
 J - a scroll of brand weapon {unknown}
 L - 4 scrolls of revelation {unknown}
 M - 3 scrolls of silence {unknown}
Potions
 f - 2 potions of heal wounds
 h - 2 potions of might
 k - 3 potions of haste
 m - 2 potions of attraction
 v - 3 potions of enlightenment
 x - a potion of cancellation
 A - 6 potions of curing
 B - a potion of invisibility
 C - a potion of brilliance
 D - a potion of berserk rage
 K - 2 potions of mutation
 T - a potion of magic {unknown}


   Skills:
 + Level 10.1 Fighting
 - Level 7.4 Long Blades
 - Level 14.0 Maces & Flails
 * Level 10.5 Armour
 * Level 9.2 Dodging
 * Level 8.8 Shields
 * Level 6.2 Invocations


You had 11 spell levels left.
You didn't know any spells.
Your spell library contained the following spells:

 Spells                   Type           Power      Damage    Failure   Level
 Magic Dart               Conj           0%         1d3       99%         1
 Blink                    Tloc           0%         N/A       99%         2
 Lesser Beckoning         Tloc           0%         N/A       99%         2
 Momentum Strike          Conj/Tloc      0%         3d8       99%         2
 Searing Ray              Conj           0%         2d4       99%         2
 Sublimation of Blood     Necr           0%         N/A       99%         2
 Gell's Gravitas          Tloc           0%         N/A       100%        3
 Hailstorm                Conj/Ice       0%         3d5       100%        3
 Teleport Other           Tloc           0%         N/A       100%        3
 Fulminant Prism          Conj/Alch      0%         3d5       100%        4
 Passage of Golubria      Tloc           0%         N/A       100%        4
 Petrify                  Alch/Erth      0%         N/A       100%        4
 Irradiate                Conj/Alch      0%         3d11      100%        5
 Yara's Violent Unravell  Hex/Alch       0%         3d3       100%        5
 Summon Ice Beast         Ice/Summ       Unusable   N/A       N/A         3
 Tukima's Dance           Hex            Unusable   N/A       N/A         3
 Sculpt Simulacrum        Ice/Alch       Unusable   N/A       N/A         6

Dungeon Overview and Level Annotations

Branches:
Dungeon (11/15)            Temple (1/1) D:5             Orc (2/2) D:11
    Elf (0/3) Orc:2
   Lair: D:8-11

Altars:
Ashenzari
Cheibriados
Dithmenos
Elyvilon
Fedhas
Gozag
Hepliaklqana
Kikubaaqudgha
Makhleb
Nemelex Xobeh
Okawaru
Qazlal
Ru
Sif Muna
Trog
Uskayaw
Vehumet
Wu Jian
Xom
Yredelemnul
Zin
The Shining One

Shops:
Orc:2 (


Innate Abilities, Weirdness & Mutations

You have a pair of horns on your head.
You reflexively headbutt those who attack you in melee.
Your spells are a little easier to cast, but a little less powerful.


Message History

The orc knight roars a battlecry!
You hear a shout!
Items here: ( )) [.
The orc warrior shouts!
The orc knight no longer looks unusually strong. x2
The orc knight roars a battlecry!
The orc knight goes into a battle-frenzy!
You hear a bellow!
The orc warrior completely misses you.
You see here 2 javelins.
You hit the orc warrior.
The orc warrior is moderately wounded.
The orc warrior hits you with a +0 flail.
You hit the orc warrior.
The orc warrior is moderately wounded.
You sock the orc warrior!
The orc warrior is severely wounded.
The orc warrior closely misses you.
The orc knight roars a battlecry!
The orc knight goes into a battle-frenzy!
You hit the orc warrior but do no damage.
The orc warrior is severely wounded.
The orc knight hits you from afar with a +0 glaive!!
You barely miss the orc warrior.
The orc warrior is severely wounded.
The orc warrior misses you. You furiously retaliate!
You headbutt the orc warrior!
You kill the orc warrior!
Okawaru accepts your kill.
Things that are here:
a +0 flail; a +0 chain mail; an orc corpse The orc knight attacks as it pursues you!
The orc knight hits you from afar with a +0 glaive!
The orc knight attacks as it pursues you!
The orc knight hits you from afar with a +0 glaive!!
* * * LOW HITPOINT WARNING * * *
The orc knight no longer looks unusually strong.
The orc knight attacks as it pursues you!
The orc knight hits you from afar with a +0 glaive!
You die...

...o....###.##### #.##
#...#...# #.(##.####...#
..4....## #.##...#.#..#
#..)#..# #...........#
..o...## #.##...#...##
#...#######...........#
.)).).4...#......#[[.##
#.).))..).#oo...#.....#
).)...)o[o(##.o.@).#.##
.....##.)[[.##.##..>###
....).##.#.##...#.)...##
.).....#######..##<....#
......## ....####.##
.......# ...## ###
......## #.### .......##
## #........#


You could see 3 orc knights.

Vanquished Creatures
  An ettin (Orc:2)
  3 boulder beetles
  A two-headed ogre (D:8)
  An orc high priest (Orc:2)
  Sonja (D:10)
  6 orc knights
  An orc sorcerer (D:11)
  A cyclops (Orc:2)
  2 kobold demonologists
  4 trolls
  A hornet (D:10)
  Grinder (D:4)
  5 slime creatures
  32 yaks
  A wraith (D:10)
  A warg (Orc:2)
  A vampire mosquito (D:8)
  4 steam dragons
  3 water moccasins
  2 sky beasts
  3 ice beasts
  22 orc warriors
  An ogre (Orc:1)
  5 centaurs
  A phantom (D:5)
  2 bullfrogs
  A kobold brigand (D:8)
  4 scorpions
  8 wights
  20 killer bees
  A howler monkey (D:9)
  4 bombardier beetles
  6 hounds
  2 jellies
  30 orc priests
  A sleepcap (D:7)
  Crazy Yiuf (D:7)
  4 iguanas
  16 orc wizards
  A gnoll (D:8)
  8 adders
  A shadow imp (D:7)
  6 white imps
  6 ufetubi
  2 ribbon worms
  69 orcs
  6 ball pythons
  4 endoplasms
  2 giant cockroaches
  5 goblins
  2 hobgoblins
  4 jackals
  5 quokkas
  6 bats
  4 frilled lizards
  A kobold (D:3)
  2 rats
338 creatures vanquished.

Notes
Turn   | Place    | Note
-------+----------+-------------------------------------------
     0 | D:1      | lordive the Minotaur Monk began the quest for the Orb.
     0 | D:1      | Reached XP level 1. HP: 19/19 MP: 0/0
   198 | D:1      | Reached XP level 2. HP: 27/27 MP: 1/1
   281 | D:2      | Found a shimmering altar of Xom.
   384 | D:2      | Reached XP level 3. HP: 33/33 MP: 2/2
   493 | D:3      | Reached skill level 1 in Armour
   617 | D:4      | Reached XP level 4. HP: 41/41 MP: 3/3
   644 | D:4      | Reached skill level 5 in Long Blades
   644 | D:4      | Noticed a scorpion
   651 | D:4      | Killed a scorpion
   652 | D:4      | Reached XP level 5. HP: 45/47 MP: 4/4
   716 | D:4      | You fall into a shaft and drop 1 floor!
   716 | D:5      | Entered Level 5 of the Dungeon
   728 | D:5      | Noticed a phantom
   740 | D:5      | Killed a phantom
   741 | D:5      | Reached skill level 5 in Fighting
   741 | D:5      | Reached XP level 6. HP: 46/56 MP: 5/5
   795 | D:5      | Found a staircase to the Ecumenical Temple.
   801 | Temple   | Entered the Ecumenical Temple
   829 | Temple   | Became a worshipper of Warmaster Okawaru
   829 | Temple   | Reached * piety under Okawaru
   829 | Temple   | Reached ** piety under Okawaru
  1020 | D:5      | Reached skill level 1 in Shields
  1317 | D:4      | Noticed Grinder
  1317 | D:4      | Paralysed by Grinder for 3 turns
  1347 | D:4      | Killed Grinder
  1348 | D:4      | Reached XP level 7. HP: 23/61 MP: 6/6
  1628 | D:4      | Reached skill level 5 in Armour
  1714 | D:4      | Found a broken altar of Ashenzari.
  1768 | D:4      | Identified the +9 flail of Fimbulwinter {speed, rC+ rN+
                  | Stlth+}
  1778 | D:4      | Reached *** piety under Okawaru
  2427 | D:2      | Reached skill level 1 in Maces & Flails
  3136 | D:5      | Reached skill level 2 in Maces & Flails
  3136 | D:5      | Reached XP level 8. HP: 62/70 MP: 7/7
  3351 | D:5      | Reached skill level 3 in Maces & Flails
  3543 | D:5      | Reached skill level 5 in Dodging
  3629 | D:5      | Reached skill level 4 in Maces & Flails
  3902 | D:6      | Reached **** piety under Okawaru
  3903 | D:6      | Reached skill level 5 in Maces & Flails
  4083 | D:6      | Reached skill level 6 in Maces & Flails
  4220 | D:6      | Reached XP level 9. HP: 78/78 MP: 8/8
  4294 | D:6      | HP: 1/78 [steam dragon] (6)]
  4658 | D:7      | Reached skill level 7 in Maces & Flails
  4751 | D:7      | Reached ***** piety under Okawaru
  4800 | D:7      | Reached skill level 1 in Invocations
  4899 | D:7      | Found a runed translucent door.
  4900 | D:7      | Noticed Crazy Yiuf
  5742 | D:7      | Killed Crazy Yiuf
  5743 | D:7      | Reached skill level 8 in Maces & Flails
  6024 | D:8      | Received a gift from Okawaru
  6115 | D:8      | Reached skill level 9 in Maces & Flails
  6121 | D:8      | Reached XP level 10. HP: 76/86 MP: 10/10
  6127 | D:8      | Reached skill level 5 in Shields
  6331 | D:8      | Noticed a two-headed ogre
  6371 | D:8      | Killed a two-headed ogre
  6372 | D:8      | Reached skill level 10 in Maces & Flails
  6650 | D:9      | Noticed a boulder beetle
  6677 | D:9      | Killed a boulder beetle
  6678 | D:9      | Reached skill level 11 in Maces & Flails
  6895 | D:9      | Received a gift from Okawaru
  7410 | D:10     | Entered Level 10 of the Dungeon
  7453 | D:10     | Reached XP level 11. HP: 80/94 MP: 11/13
  7550 | D:10     | Noticed Sonja
  7559 | D:10     | Reached skill level 12 in Maces & Flails
  7578 | D:10     | Killed Sonja
  7711 | D:10     | Gained mutation: Your spells are a little easier to cast,
                  | but a little less powerful. [a neqoxec]
  7910 | D:10     | Received a gift from Okawaru
  7930 | D:10     | Noticed a boulder beetle
  7965 | D:10     | Killed a boulder beetle
  8230 | D:10     | Reached skill level 13 in Maces & Flails
  8571 | D:11     | Reached skill level 5 in Invocations
  8589 | D:11     | Noticed a boulder beetle
  8833 | D:11     | Killed a boulder beetle
  8833 | D:11     | Received a gift from Okawaru
  9044 | D:11     | Reached skill level 14 in Maces & Flails
  9071 | D:11     | Identified the +3 leather armour of Greed {Str+3 Int+3
                  | Dex+3}
  9364 | D:11     | Found a staircase to the Orcish Mines.
  9662 | Orc:1    | Entered Level 1 of the Orcish Mines
  9679 | Orc:1    | Reached XP level 12. HP: 96/104 MP: 15/15
 10099 | Orc:2    | Entered Level 2 of the Orcish Mines
 10099 | Orc:2    | Found a staircase to the Elven Halls.
 10149 | Orc:2    | Reached ****** piety under Okawaru
 10318 | Orc:2    | Received a gift from Okawaru
 10755 | Orc:2    | Noticed an orc high priest
 10772 | Orc:2    | Killed an orc high priest
 10773 | Orc:2    | Reached skill level 10 in Armour
 10928 | Orc:2    | Noticed an ettin
 10938 | Orc:2    | Killed an ettin
 11101 | Orc:2    | Found Mushem's Antique Weapon Shop.
 11262 | Orc:2    | Reached skill level 10 in Fighting
 11363 | Orc:2    | Noticed an orc high priest
 11366 | Orc:2    | Noticed an orc high priest
 11399 | Orc:2    | HP: 1/106 [orc knight/+0 glaive (33)]
 11400 | Orc:2    | Mangled by an orc knight

Illustrated notes

Levels and vault maps discovered:
D:1:      psy_arrival_spokes, layout_rooms
D:2:      minmay_wonky_spiral, layout_loops_ring, basic_altar
D:3:      layout_basic, chequers_serial_rivers_marsh
D:4:      layout_rooms, kennysheep_mini_moat, chequers_mini_garden, uniq_grinder
D:5:      layout_cave_pools, temple_green
D:6:      kennysheep_steamy, layout_basic
D:7:      layout_basic, uniq_crazy_yiuf_cottage
D:8:      minmay_clustersquares, layout_rooms, lair_entry_dummy
D:9:      layout_small_grid
D:10:     layout_gridville, uniq_sonja
D:11:     layout_loops_ring, hiddenorc1_lemuel, nicolae_elevator_lobby_asterisk
Temple:   compressed_dpeg_circular_temple
Orc:1:    layout_caves, uniq_josephine
Orc:2:    st_orc_pillars, layout_caves, serial_shops,
          nicolae_shop_just_a_little_nook, abandoned_shop, mines1_david

Skill      XL: |  1  2  3  4  5  6  7  8  9 10 11 12 |
---------------+-------------------------------------+-----
Long Blades    | 4 5 6 7 |  7.4
Fighting       | 4 5 6 7 9 10 | 10.1
Armour         | 1 2 4 5 6 7 8 10 | 10.5
Dodging        | 4 5 6 7 8 9 |  9.2
Shields        | 1 2 3 4 5 7 8 |  8.8
Maces & Flails | 2 6 9 11 14 | 14.0
Invocations    | 2 4 5 6 |  6.2

Action                     |  1- 3 |  4- 6 |  7- 9 | 10-12 || total
---------------------------+-------+-------+-------+-------++-------
  Melee: Falchion          |    44 |    89 |    30 |       ||   163
         Headbutt          |    10 |    17 |    46 |   148 ||   221
         Punch             |       |     1 |       |       ||     1
         Flail             |       |       |   238 |   648 ||   886
    Use: Scroll            |       |       |    11 |     3 ||    14
         Potion            |       |       |     1 |       ||     1
 Armour: Leather armour    |     5 |       |       |       ||     5
         Robe              |     2 |       |       |       ||     2
         Plate armour      |    20 |    68 |   207 |   242 ||   537
  Dodge: Dodged            |    16 |    21 |    82 |   103 ||   222
  Block: Other             |     1 |     9 |       |       ||    10
         Buckler           |       |    22 |   140 |   215 ||   377
         Reflection        |       |     1 |     2 |     9 ||    12
